TOP OF THE 1ST |
Sun Prairie Swallows batting - Pitching for Gurdon Pelicans : LHP Ernest Torres
|
Pitching: LHP Ernest Torres
|
|
Batting: RHB António Domínguez
|
0-0: Ball 1-0: Swinging Strike 1-1: Ball 2-1: Ball 3-1: Fly out, F8 (Flyball, 8LM)
|
Batting: RHB Barry Welch
|
0-0: Ball 1-0: Ground out 5-3 (Groundball, 5L)
|
Batting: RHB Calvin Fleming
|
0-0: Swinging Strike 0-1: Foul Ball, location: 2F 0-2: Foul Ball, location: 2F 0-2: Ball 1-2: Strikes out swinging
|
Top of the 1st over - 0 run(s), 0 hit(s), 0 error(s), 0 left on base; Sun Prairie 0 - Gurdon 0 |
BOTTOM OF THE 1ST |
Gurdon Pelicans batting - Pitching for Sun Prairie Swallows : RHP Jorge Silverstro
|
Pitching: RHP Jorge Silverstro
|
|
Batting: RHB Riley Howard
|
0-0: Ball 1-0: Swinging Strike 1-1: Foul Ball, location: 2F 1-2: Strikes out looking
|
Batting: SHB Lionel Merlet
|
0-0: Reached on error, E3 (Groundball, 34)
|
Batting: SHB Carlos Kramer
|
0-0: Called Strike 0-1: Ball 1-1: Ball 2-1: Called Strike 2-2: Ball 3-2: 2-RUN HOME RUN (Flyball, 9D), Distance : 384 ft
|
Batting: LHB Guillermo Martínez
|
0-0: Ball 1-0: Called Strike 1-1: SINGLE (Groundball, 4MD)
|
Batting: RHB Chip Teague
|
0-0: Ball 1-0: Ball 2-0: Called Strike 2-1: SINGLE (Groundball, 13) (infield hit) Guillermo Martínez to second
|
Batting: RHB Bobby Buck
|
0-0: Called Strike 0-1: Foul Ball, location: 2F 0-2: Strikes out looking
|
Batting: RHB Ludovico Trezza
|
0-0: Fly out, F8 (Flyball, 8LM)
|
Bottom of the 1st over - 2 run(s), 3 hit(s), 1 error(s), 2 left on base; Sun Prairie 0 - Gurdon 2 |
TOP OF THE 2ND |
Sun Prairie Swallows batting - Pitching for Gurdon Pelicans : LHP Ernest Torres
|
Batting: RHB David Morales
|
0-0: Called Strike 0-1: Ball 1-1: Fly out, F6 (Popup, 6D)
|
Batting: RHB Jon Erickson
|
0-0: Ball 1-0: Ball 2-0: Ball 3-0: Base on Balls
|
Batting: RHB Monty Sharp
|
0-0: Ball 1-0: Foul Ball, location: 2F 1-1: Fielders Choice at 2nd, 4-6 (Groundball, 4D)
|
Batting: LHB Kent Roberts
|
0-0: Called Strike 0-1: Ball 1-1: Swinging Strike 1-2: Ball Monty Sharp is caught stealing 2nd base
|
Top of the 2nd over - 0 run(s), 0 hit(s), 0 error(s), 0 left on base; Sun Prairie 0 - Gurdon 2 |
BOTTOM OF THE 2ND |
Gurdon Pelicans batting - Pitching for Sun Prairie Swallows : RHP Jorge Silverstro
|
Batting: RHB António Sánchez
|
0-0: Ball 1-0: Called Strike 1-1: Ball 2-1: Foul Ball, location: 2F 2-2: Strikes out swinging
|
Batting: RHB Martín Álvarez
|
0-0: Ball 1-0: Ball 2-0: Foul Ball, location: 2F 2-1: Ball 3-1: Fly out, F9 (Flyball, 9M)
|
Batting: RHB Riley Howard
|
0-0: Ball 1-0: Ball 2-0: Called Strike 2-1: Ball 3-1: Foul Ball, location: 2F 3-2: Fly out, F8 (Flyball, 8LD)
|
Bottom of the 2nd over - 0 run(s), 0 hit(s), 0 error(s), 0 left on base; Sun Prairie 0 - Gurdon 2 |
TOP OF THE 3RD |
Sun Prairie Swallows batting - Pitching for Gurdon Pelicans : LHP Ernest Torres
|
Batting: LHB Kent Roberts
|
0-0: Called Strike 0-1: Foul Ball, location: 2F 0-2: Ball 1-2: Strikes out swinging
|
Batting: RHB Ernesto Fernández
|
0-0: Ball 1-0: Swinging Strike 1-1: Swinging Strike 1-2: Ball 2-2: Ground out 6-3 (Groundball, 6M)
|
Batting: RHB Dan Bernard
|
0-0: Ground out 5-3 (Groundball, 5L)
|
Top of the 3rd over - 0 run(s), 0 hit(s), 0 error(s), 0 left on base; Sun Prairie 0 - Gurdon 2 |
BOTTOM OF THE 3RD |
Gurdon Pelicans batting - Pitching for Sun Prairie Swallows : RHP Jorge Silverstro
|
Batting: SHB Lionel Merlet
|
0-0: Called Strike 0-1: Ball 1-1: Swinging Strike 1-2: Ball 2-2: SINGLE (Groundball, 56S) (infield hit)
|
Batting: SHB Carlos Kramer
|
0-0: Ball 1-0: Ball 2-0: Called Strike 2-1: Foul Ball, location: 2F 2-2: Ball 3-2: SINGLE (Flyball, 89S) Lionel Merlet to second Runner from 2nd tries for 3rd, SAFE, throw made to third Carlos Kramer to second
|
Batting: LHB Guillermo Martínez
|
0-0: Called Strike 0-1: Fly out, F3 (Popup, 3SF)
|
Batting: RHB Chip Teague
|
0-0: Ball 1-0: Ball 2-0: Ball 3-0: Called Strike 3-1: Base on Balls
|
Batting: RHB Bobby Buck
|
0-0: Ball 1-0: Called Strike 1-1: Swinging Strike 1-2: Strikes out swinging
|
Batting: RHB Ludovico Trezza
|
0-0: Ball 1-0: Foul Ball, location: 2F 1-1: Ball 2-1: Foul Ball, location: 2F 2-2: Strikes out looking
|
Bottom of the 3rd over - 0 run(s), 2 hit(s), 0 error(s), 3 left on base; Sun Prairie 0 - Gurdon 2 |
TOP OF THE 4TH |
Sun Prairie Swallows batting - Pitching for Gurdon Pelicans : LHP Ernest Torres
|
Batting: RHB António Domínguez
|
0-0: Ball 1-0: Foul Ball, location: 2F 1-1: Called Strike 1-2: Ball 2-2: Ground out 6-3 (Groundball, 6)
|
Batting: RHB Barry Welch
|
0-0: Ball 1-0: Called Strike 1-1: Ball 2-1: Ball 3-1: Base on Balls
|
Batting: RHB Calvin Fleming
|
0-0: Called Strike 0-1: Ball 1-1: Ball 2-1: Grounds into double play, 6-4-3 (Groundball, 6)
|
Top of the 4th over - 0 run(s), 0 hit(s), 0 error(s), 0 left on base; Sun Prairie 0 - Gurdon 2 |
BOTTOM OF THE 4TH |
Gurdon Pelicans batting - Pitching for Sun Prairie Swallows : RHP Jorge Silverstro
|
Batting: RHB António Sánchez
|
0-0: Ball 1-0: Ball 2-0: Ground out 6-3 (Groundball, 6)
|
Batting: RHB Martín Álvarez
|
0-0: Fly out, F8 (Flyball, 89S)
|
Batting: RHB Riley Howard
|
0-0: Ball 1-0: Called Strike 1-1: Foul Ball, location: 2F 1-2: Fly out, F7 (Flyball, 7M)
|
Bottom of the 4th over - 0 run(s), 0 hit(s), 0 error(s), 0 left on base; Sun Prairie 0 - Gurdon 2 |
TOP OF THE 5TH |
Sun Prairie Swallows batting - Pitching for Gurdon Pelicans : LHP Ernest Torres
|
Batting: RHB David Morales
|
0-0: Ground out U3 (Groundball, 3S)
|
Batting: RHB Jon Erickson
|
0-0: Called Strike 0-1: Foul Ball, location: 2F 0-2: Ball 1-2: Ball 2-2: Foul Ball, location: 2F 2-2: Strikes out swinging
|
Batting: RHB Monty Sharp
|
0-0: Hit by Pitch
|
Batting: LHB Kent Roberts
|
0-0: Called Strike 0-1: Ball 1-1: Ground out 4-3 (Groundball, 34)
|
Top of the 5th over - 0 run(s), 0 hit(s), 0 error(s), 1 left on base; Sun Prairie 0 - Gurdon 2 |
BOTTOM OF THE 5TH |
Gurdon Pelicans batting - Pitching for Sun Prairie Swallows : RHP Jorge Silverstro
|
Batting: SHB Lionel Merlet
|
0-0: Fly out, F8 (Flyball, 8LM)
|
Batting: SHB Carlos Kramer
|
0-0: Foul Ball, location: 2F 0-1: Ball 1-1: Foul Ball, location: 2F 1-2: Foul Ball, location: 2F 1-2: Foul Ball, location: 2F 1-2: Fly out, F3 (Popup, 23)
|
Batting: LHB Guillermo Martínez
|
0-0: Ball 1-0: Ball 2-0: Ball 3-0: Base on Balls
|
Batting: RHB Chip Teague
|
0-0: SINGLE (Line Drive, 8LS) Guillermo Martínez to second
|
Batting: RHB Bobby Buck
|
0-0: Ball 1-0: DOUBLE (Flyball, 7D) Guillermo Martínez scores Chip Teague to third Runner from 3rd tries for Home, SAFE, no throw or cutoff
|
Batting: RHB Ludovico Trezza
|
0-0: Called Strike 0-1: Swinging Strike 0-2: Ball 1-2: Strikes out looking
|
Bottom of the 5th over - 2 run(s), 2 hit(s), 0 error(s), 1 left on base; Sun Prairie 0 - Gurdon 4 |
TOP OF THE 6TH |
Sun Prairie Swallows batting - Pitching for Gurdon Pelicans : LHP Ernest Torres
|
Batting: RHB Ernesto Fernández
|
0-0: Ball 1-0: Foul Ball, location: 2F 1-1: Ground out 1-3 (Groundball, 13)
|
Batting: RHB Dan Bernard
|
0-0: Ball 1-0: Called Strike 1-1: Ball 2-1: Called Strike 2-2: Foul Ball, location: 2F 2-2: Ground out 5-3 (Groundball, 5L)
|
Batting: RHB António Domínguez
|
0-0: Ball 1-0: Called Strike 1-1: Called Strike 1-2: Ball 2-2: Ball 3-2: Foul Ball, location: 2F 3-2: Strikes out swinging
|
Top of the 6th over - 0 run(s), 0 hit(s), 0 error(s), 0 left on base; Sun Prairie 0 - Gurdon 4 |
BOTTOM OF THE 6TH |
Gurdon Pelicans batting - Pitching for Sun Prairie Swallows : RHP Jorge Silverstro
|
Batting: RHB António Sánchez
|
0-0: Swinging Strike 0-1: Called Strike 0-2: Strikes out swinging
|
Batting: RHB Martín Álvarez
|
0-0: Ball 1-0: SINGLE (Line Drive, 7S)
|
Batting: RHB Riley Howard
|
0-0: Called Strike 0-1: Ball 1-1: Swinging Strike 1-2: Ball Throwing error on steal attempt, E2 Martín Álvarez to third 2-2: Strikes out swinging
|
Batting: SHB Lionel Merlet
|
0-0: Swinging Strike 0-1: Swinging Strike 0-2: Strikes out swinging
|
Bottom of the 6th over - 0 run(s), 1 hit(s), 1 error(s), 1 left on base; Sun Prairie 0 - Gurdon 4 |
TOP OF THE 7TH |
Sun Prairie Swallows batting - Pitching for Gurdon Pelicans : LHP Ernest Torres
|
Batting: RHB Barry Welch
|
0-0: Ball 1-0: Ground out 5-3 (Groundball, 56)
|
Batting: RHB Calvin Fleming
|
0-0: Ball 1-0: SINGLE (Groundball, 6MD)
|
Batting: RHB David Morales
|
0-0: Called Strike 0-1: Foul Ball, location: 2F 0-2: Foul Ball, location: 2F 0-2: Ball 1-2: Fly out, F6 (Popup, 6)
|
Batting: RHB Jon Erickson
|
0-0: Ball 1-0: SINGLE (Groundball, 4M) Calvin Fleming to second
|
Batting: RHB Monty Sharp
|
0-0: Ball 1-0: Called Strike 1-1: Called Strike 1-2: Ball 2-2: SINGLE (Line Drive, 4D) Calvin Fleming to third Jon Erickson to second Runner from 3rd tries for Home, SAFE, no throw or cutoff
|
Batting: LHB Kent Roberts
|
0-0: Called Strike 0-1: Ball 1-1: Swinging Strike 1-2: Foul Ball, location: 2F 1-2: Ball 2-2: Ball 3-2: Foul Ball, location: 2F 3-2: Base on Balls Jon Erickson to third Monty Sharp to second
|
Batting: RHB Ernesto Fernández
|
0-0: Ball 1-0: Foul Ball, location: 2F 1-1: Called Strike 1-2: Strikes out looking
|
Top of the 7th over - 1 run(s), 3 hit(s), 0 error(s), 3 left on base; Sun Prairie 1 - Gurdon 4 |
BOTTOM OF THE 7TH |
Gurdon Pelicans batting - Pitching for Sun Prairie Swallows : RHP Jorge Silverstro
|
Batting: SHB Carlos Kramer
|
0-0: Ball 1-0: Swinging Strike 1-1: Called Strike 1-2: Strikes out swinging
|
Batting: LHB Guillermo Martínez
|
0-0: Called Strike 0-1: Foul Ball, location: 2F 0-2: Fly out, F8 (Flyball, 8LM)
|
Batting: RHB Chip Teague
|
0-0: Called Strike 0-1: Ball 1-1: Called Strike 1-2: Ball 2-2: Foul Ball, location: 2F 2-2: Fly out, F4 (Line Drive, 4M)
|
Bottom of the 7th over - 0 run(s), 0 hit(s), 0 error(s), 0 left on base; Sun Prairie 1 - Gurdon 4 |
TOP OF THE 8TH |
Sun Prairie Swallows batting - Pitching for Gurdon Pelicans : LHP Ernest Torres
|
Pitching: RHP Chris Smith
|
|
Now at 1B: Daniel Drake
|
|
Batting: RHB Dan Bernard
|
0-0: Called Strike 0-1: Swinging Strike 0-2: Ball 1-2: SINGLE (Flyball, 89S)
|
Pitching: RHP Karl Pratt
|
|
Batting: RHB António Domínguez
|
0-0: Ball 1-0: Grounds into double play, 4-6-3 (Groundball, 34)
|
Batting: RHB Barry Welch
|
0-0: Called Strike 0-1: Ball 1-1: Called Strike 1-2: Strikes out swinging
|
Top of the 8th over - 0 run(s), 1 hit(s), 0 error(s), 0 left on base; Sun Prairie 1 - Gurdon 4 |
BOTTOM OF THE 8TH |
Gurdon Pelicans batting - Pitching for Sun Prairie Swallows : RHP Jorge Silverstro
|
Pitching: RHP Lewis Miller
|
|
Batting: RHB Bobby Buck
|
0-0: Ball 1-0: Called Strike 1-1: Ball 2-1: Swinging Strike 2-2: Ground out 1-3 (Groundball, 13S)
|
Batting: RHB Ludovico Trezza
|
0-0: Ball 1-0: Called Strike 1-1: SINGLE (Line Drive, 5L)
|
Batting: RHB António Sánchez
|
0-0: Ball 1-0: Called Strike 1-1: Ball Ludovico Trezza steals 2nd base 2-1: Intentional Walk
|
Batting: RHB Martín Álvarez
|
0-0: Called Strike 0-1: Called Strike Ludovico Trezza steals 3rd base 0-2: Ball 1-2: Foul Ball, location: 2F 1-2: Fly out, F9 (Flyball, 89M) Runner from 3rd tags up, SCORES, no throw
|
Batting: RHB Riley Howard
|
0-0: Swinging Strike 0-1: Ball 1-1: Called Strike 1-2: Strikes out swinging
|
Bottom of the 8th over - 1 run(s), 1 hit(s), 0 error(s), 1 left on base; Sun Prairie 1 - Gurdon 5 |
TOP OF THE 9TH |
Sun Prairie Swallows batting - Pitching for Gurdon Pelicans : RHP Karl Pratt
|
Pitching: LHP Shawn Arnold
|
|
Batting: RHB Calvin Fleming
|
0-0: Ball 1-0: Ground out 5-3 (Groundball, 5)
|
Batting: RHB David Morales
|
0-0: Swinging Strike 0-1: Ball 1-1: Foul Ball, location: 2F 1-2: Strikes out looking
|
Batting: RHB Jon Erickson
|
0-0: Foul Ball, location: 2F 0-1: Ground out 5-3 (Groundball, 5S)
|
Top of the 9th over - 0 run(s), 0 hit(s), 0 error(s), 0 left on base; Sun Prairie 1 - Gurdon 5 |
|